 Dungeon Crawl Stone Soup version 0.23-a0-261-g133332c (console) character file.

221 bli the Insei (level 5, -10/35 HPs)
             Began as an Octopode Transmuter on Sept 29, 2018.
             Was an Initiate of Ru.
             Mangled by Duvessa
             ... wielding a +0 short sword
              (15 damage)
             ... on level 4 of the Dungeon.
             The game lasted 00:13:03 (2533 turns).

bli the Insei (Octopode Transmuter)                 Turns: 2533, Time: 00:13:04

Health: -10/35     AC:  1    Str: 10    XL:     5   Next: 98%
Magic:  8/8        EV: 14    Int: 15    God:    Ru [......]
Gold:   124        SH:  0    Dex: 13    Spells: 7/8 levels left

rFire    . . .     SeeInvis .     - Unarmed
rCold    . . .     Gourm    .   (no shield)
rNeg     . . .     Faith    +   (helmet restricted)
rPois    .         Spirit   .   q - amulet of faith
rElec    .         Reflect  .   (no ring)
rCorr    .         Harm     .   (no ring)
MR       .....                  (no ring)
Stlth    +++.......             (no ring)
HPRegen  0.11/turn              (no ring)
MPRegen  0.11/turn              (no ring)
                                (no ring)
                                (no ring)

@: appendage (expiring)
A: almost no armour, stealthy swim, amphibious, 8 rings, constrict 8, tentacle
spike 3, camouflage 1, gelatinous body 1
a: End Transformation, Renounce Religion


You were on level 4 of the Dungeon.
You worshipped Ru.
Ru was noncommittal.
You were hungry.
One of your tentacles had a temporary spike.
You visited 1 branch of the dungeon, and saw 4 of its levels.

You collected 124 gold pieces.

Inventory:

Hand Weapons
 g - a +0 dagger
 r - a +0 rapier
 u - a +0 trident
Missiles
 a - 28 arrows
 e - 96 stones (quivered)
Armour
 f - a +0 large shield
Jewellery
 q - an amulet of faith (around mantle)
 v - an uncursed amulet of guardian spirit {unknown}
Scrolls
 b - 2 scrolls of immolation {unknown}
 d - 2 scrolls of random uselessness {unknown}
 j - a scroll of magic mapping {unknown}
 k - 4 scrolls of teleportation {unknown}
 l - 3 scrolls of enchant weapon {unknown}
 t - a scroll of identify {unknown}
 x - a scroll of fog {unknown}
 y - a scroll of amnesia {unknown}
Potions
 h - a potion of cancellation {unknown}
 i - a potion of haste {unknown}
 n - a potion of lignification {unknown}
 o - a potion of mutation {unknown}
 p - a potion of berserk rage {unknown}
 s - a potion of agility {unknown}
 w - a potion of curing {unknown}
Comestibles
 c - 3 rations


   Skills:
 * Level 2.4 Fighting
 * Level 3.3 Dodging
 + Level 3.2 Stealth
 + Level 4.5 Unarmed Combat
 - Level 2.0 Spellcasting
 + Level 2.1 Transmutations


You had 7 spell levels left.
You knew the following spells:

 Your Spells              Type           Power        Failure   Level  Hunger
a - Beastly Appendage     Tmut           #.....       10%         1    #......

Your spell library contained the following spells:

 Spells                   Type           Power        Failure   Level  Hunger
 Sticks to Snakes         Tmut           #.......     14%         2    ###....
 Spider Form              Tmut/Pois      #.........   41%         3    ###....
 Ice Form                 Ice/Tmut       #.......     82%         4    #####..
 Blade Hands              Tmut           #.........   95%         5    ######.


Dungeon Overview and Level Annotations

Branches:
Dungeon (4/15)
 Temple: D:4-7

Altars:
Elyvilon
Makhleb
Ru
Sif Muna
Uskayaw
Wu Jian

Annotations:
D:2 Sigmund, Sigmund
D:3 2 runed doors, 2 transporters, TBriggs11TB's ghost, amateur DsGl
D:4 Duvessa


Innate Abilities, Weirdness & Mutations

You cannot wear most types of armour.
You are very stealthy in the water. (Stealth+)
You are amphibious.
You can wear up to eight rings at the same time.
You can use your tentacles to constrict eight enemies at once.
Your skin changes colour to match your surroundings (Stealth+).
Your rubbery body absorbs attacks. (AC +1, EV +1)
One of your tentacles bears a large vicious spike.


Message History

You resist with some effort. Duvessa hits you with a short sword.
* * * LOW HITPOINT WARNING * * *
You tentacle-slap Duvessa but do no damage.
You pierce Duvessa, but do no damage.
Duvessa is moderately wounded.
You constrict Duvessa, but do no damage.
You constrict Dowan.
You kill Dowan!
Duvessa screams, "No!
How DARE you!"
Duvessa goes berserk!
Your Stealth skill increases to level 3!
Duvessa barely misses you.
You tentacle-slap Duvessa but do no damage.
You squeeze Duvessa, but do no damage.
Duvessa is moderately wounded.
You constrict Duvessa, but do no damage.
Duvessa hits you with a short sword.
* * * LOW HITPOINT WARNING * * *
Duvessa hits you with a short sword!
You die...

#########
#.......#
#...(#...#
#....#ee.#
#..)e#...#
#...@#..###+#
#....#..##..#
#....#.....
#....+....
#....#..#
#....#..#
#....'..#
#....#...#
#....#####
#........#
#........#


You could see Duvessa (berserk).

Vanquished Creatures
  Dowan (D:4)
  Jessica (D:3)
  7 adders
  An ooze (D:3)
  4 worms
  A dart slug (D:1)
  4 leopard geckos
  2 orcs (D:3)
  3 giant cockroaches (D:3)
  5 goblins
  5 hobgoblins
  3 jackals (D:1)
  6 kobolds
  A quokka (D:3)
  3 ball pythons
  10 bats
  A frilled lizard (D:3)
  5 rats
63 creatures vanquished.

Notes
Turn   | Place    | Note
-------+----------+-------------------------------------------
     0 | D:1      | bli the Octopode Transmuter began the quest for the Orb.
     0 | D:1      | Reached XP level 1. HP: 13/13 MP: 3/3
   139 | D:1      | Reached XP level 2. HP: 17/18 MP: 3/5
   467 | D:1      | Reached XP level 3. HP: 23/23 MP: 6/6
   816 | D:2      | Reached skill level 1 in Stealth
  1164 | D:2      | Reached XP level 4. HP: 15/29 MP: 5/7
  1276 | D:2      | Noticed Sigmund
  1347 | D:2      | Found a white marble altar of Elyvilon.
  1375 | D:2      | Reached skill level 4 in Unarmed Combat
  1586 | D:3      | Noticed Jessica
  1593 | D:3      | Killed Jessica
  1593 | D:3      | Reached XP level 5. HP: 28/34 MP: 6/8
  1691 | D:3      | Found a runed door.
  1697 | D:3      | Noticed TBriggs11TB's ghost (amateur DsGl)
  1701 | D:3      | Found a deep blue altar of Sif Muna.
  1703 | D:3      | Noticed a two-headed ogre
  1720 | D:3      | Found a hide-covered altar of Uskayaw.
  1755 | D:3      | Found a transporter.
  1778 | D:3      | Found a sacrificial altar of Ru.
  1782 | D:3      | Became a worshipper of Ru the Awakened
  1874 | D:3      | Found a transporter.
  1931 | D:3      | Found a burning altar of Makhleb.
  1959 | D:3      | Found a runed door.
  2293 | D:3      | Found a white marble altar of Elyvilon.
  2352 | D:3      | Found an ornate altar of the Wu Jian Council.
  2508 | D:4      | Noticed Duvessa
  2508 | D:4      | Noticed Dowan
  2532 | D:4      | Killed Dowan
  2533 | D:4      | Mangled by Duvessa

Vault maps used:
D:1:      saegor_arrival_under_anarchy
D:2:      minmay_misc_feat_nine_boxes, elyvilon_altar_5,
          uniq_crazy_yiuf_cottage, uniq_sigmund
D:3:      gammafunk_temple_overflow_arena, nicolae_overflow_crystal_walls,
          lightli_temple_of_fire, lemuel_round_altar,
          lemuel_coloured_pillars_altar, ebering_ghost_sewer_f,
          kennysheep_crisscross, hangedman_ru_absence, uniq_jessica
D:4:      regret_index_temple_of_mockery, uniq_robin, uniq_duvessa

Skill      XL: |  1  2  3  4  5 |
---------------+----------------+-----
Stealth        | 1 2 3 |  3.2
Unarmed Combat | 4 |  4.5
Fighting       | 2 |  2.4
Dodging        | 3 |  3.3
Spellcasting   | |  2.0
Transmutations | |  2.1

Action                   |  1- 3 |  4- 6 || total
-------------------------+-------+-------++-------
Melee: Unarmed           |    75 |    83 ||   158
       Constrict         |    17 |    24 ||    41
       Kick              |     8 |    21 ||    29
       Tentacles         |     8 |    13 ||    21
       Punch             |     2 |     2 ||     4
Throw: Stone             |     1 |    17 ||    18
 Cast: Beastly Appendage |     7 |    13 ||    20
 Stab: Sleeping          |     6 |     6 ||    12
  Eat: Chunk             |     1 |     4 ||     5
Armor: Skin              |     4 |       ||     4
Dodge: Dodged            |    52 |    45 ||    97

Table legend:
 A = Non-vault XP
 B = Vault XP
 C = Vault XP percentage of total XP
 D = Non-vault monster count
 E = Vault monster count
 F = Vault count percentage of total count
                 A         B        C        D         E       F
            +---------+---------+-------+---------+---------+-------
      Total |     211 |     106 |  33.4 |      61 |       2 |   3.2
            +---------+---------+-------+---------+---------+-------
        D:1 |      40 |       0 |   0.0 |      21 |       0 |   0.0
        D:2 |      71 |       0 |   0.0 |      16 |       0 |   0.0
        D:3 |     100 |      37 |  27.0 |      24 |       1 |   4.0
        D:4 |       0 |      69 | 100.0 |       0 |       1 | 100.0
            +---------+---------+-------+---------+---------+-------
